 Dungeon Crawl Stone Soup version 0.30-a0-1112-gfb780f5df6 (webtiles) character file.

Game seed: 2906053610851034908

34 Racksonjoss101 the Magician (level 3, 0/24 HPs)
             Began as a Demonspawn Hedge Wizard on Apr 17, 2023.
             Slain by an adder (3 damage)
             ... on level 2 of the Dungeon on Apr 19, 2023.
             The game lasted 00:12:13 (1523 turns).

Racksonjoss101 the Magician (DsHW)                  Turns: 1523, Time: 00:12:13

Health: 0/24       AC:  3    Str: 10    XL:     3   Next: 14%
Magic:  2/7        EV:  9    Int: 17    God:
Gold:   106        SH:  0    Dex: 12    Spells: 7/8 levels left

rFire   x . .      SeeInvis .    s - +0 short sword
rCold   + . .      Faith    .    (no shield)
rNeg    . . .      Spirit   .    b - +0 robe
rPois   .          Reflect  .    c - +1 hat
rElec   .          Rampage  .    k - scarf {+Inv}
rCorr   .                        (no gloves)
Will    .....                    (no boots)
Stlth   ++                       g - amulet of the acrobat
HPRegen 0.24/turn                p - ring of ice
MPRegen 0.10/turn                (no ring)

@: constricted
A: ignite blood 1, weakness stinger 1
a: Evoke Invisibility


You were on level 2 of the Dungeon.
You visited 1 branch of the dungeon, and saw 2 of its levels.

You collected 106 gold pieces.

Inventory:

Hand Weapons
 a - a +0 dagger
 j - a +0 club
 l - a +0 club
 s - a +0 short sword (weapon)
Missiles
 m - 5 poisoned darts
 t - 3 stones
Armour
 b - a +0 robe (worn)
 c - a +1 hat (worn)
 k - a scarf of invisibility (worn)
 r - a +0 robe
Jewellery
 g - an amulet of the acrobat (around neck)
 p - a ring of ice (left hand)
Scrolls
 e - a scroll of teleportation
Potions
 d - a potion of magic
 f - a potion of curing
 h - a potion of flight {unknown}
 i - a potion of lignification {unknown}


   Skills:
 + Level 0.1 Fighting
 + Level 2.4 Dodging
 + Level 1.8 Stealth
 + Level 3.4 Spellcasting
 + Level 1.6 Conjurations
 + Level 1.0 Summonings
 + Level 0.8 Translocations


You had 7 spell levels left.
You knew the following spells:

 Your Spells              Type           Power      Damage    Failure   Level
a - Magic Dart            Conj           32%        1d4       9%          1

Your spell library contained the following spells:

 Spells                   Type           Power      Damage    Failure   Level
 Slow                     Hex            8%         N/A       17%         1
 Call Imp                 Summ           12%        N/A       17%         2
 Blink                    Tloc           10%        N/A       19%         2
 Cigotuvi's Dreadful Rot  Necr/Pois/Air  4%         N/A       26%         2
 Mephitic Cloud           Conj/Pois/Air  4%         N/A       38%         3


Dungeon Overview and Level Annotations

Branches:
Dungeon (2/15)

Altars:


Innate Abilities, Weirdness & Mutations

Your demonic aura sometimes causes spilled blood to erupt in flames.
You have a small tail.


Message History

The ball python closely misses you. The ball python bites you.
The ball python grabs you. The ball python constricts you.
The adder closely misses you.
You closely miss the adder.
Your tail-slap misses the adder.
The adder is severely wounded.
The ball python bites you. x2
* * * LOW HITPOINT WARNING * * *
The ball python constricts you.
* * * LOW HITPOINT WARNING * * *
The adder bites you but does no damage.
You feel better. The ball python barely misses you.
The ball python closely misses you. The ball python constricts you.
The adder barely misses you.
Unknown command.
You closely miss the adder.
Your tail-slap misses the adder.
The adder is severely wounded.
The ball python bites you but does no damage.
The adder closely misses you. The ball python bites you.
The ball python constricts you. The ball python closely misses you.
You barely miss the adder.
Your tail-slap misses the adder.
The adder is severely wounded.
The adder closely misses you. The ball python barely misses you.
The ball python constricts you. The adder barely misses you.
The ball python bites you.
* * * LOW HITPOINT WARNING * * *
The ball python bites you but does no damage.
The ball python constricts you.
You hit the adder.
The adder is almost dead.
The adder bites you.
* * * LOW HITPOINT WARNING * * *
The ball python barely misses you. The ball python bites you.
* * * LOW HITPOINT WARNING * * *
The ball python constricts you.
* * * LOW HITPOINT WARNING * * *
You miss the adder.
You tail-slap the adder, but do no damage.
The adder is almost dead.
The adder bites you.
You die...

###*##..........#,*#..
#..,,...........#,*#..
#.#***..........#.##.. **** #.#
####..#........... ,,,* #.#
#..........#####..
*****#######^###.##..†#.#........
,,,,,............................
,****#######.###.##.....#.####.#.
,**,,,* #....S@S...............
,**,,,*####..###S##..#.#######.#.
,,,,,,,,.o...# #S....#.#,,,,,#.#.
,**,..#####..###.>...#.#,*,*,#.#.
,,,,.................#..,*,*,..#.
,,*,..#####..........#*#**,**###.
,,*,,,*,*##..#.#.##..#,,,*,*,,,#.
,,***,,,.............#,*,*,*,*,#.
,,* *,*,###......##..#,*,,,,,*,#.


You could see an adder and 3 ball pythons.

Vanquished Creatures
  2 worms (D:2)
  A dart slug (D:1)
  5 ball pythons
  2 endoplasms (D:1)
  3 goblins
  3 hobgoblins (D:1)
  A jackal (D:2)
  A kobold (D:2)
  2 bats (D:1)
  2 frilled lizards
  2 rats
24 creatures vanquished.

Notes
Turn   | Place    | Note
-------+----------+-------------------------------------------
     0 | D:1      | Racksonjoss101 the Demonspawn Hedge Wizard began the quest
                  | for the Orb.
     0 | D:1      | Reached XP level 1. HP: 13/13 MP: 4/4
     2 | D:1      | Noticed a merfolk
     2 | D:1      | Noticed a demigod
     4 | D:1      | Noticed a ghoul
     4 | D:1      | Noticed an ogre
     8 | D:1      | Noticed a minotaur
     8 | D:1      | Noticed an octopode
    10 | D:1      | Noticed an elf
    10 | D:1      | Noticed a human
    12 | D:1      | Noticed a tengu
    14 | D:1      | Noticed a vampire
    16 | D:1      | Noticed a gargoyle
    16 | D:1      | Noticed a draconian
    18 | D:1      | Noticed a troll
    20 | D:1      | Noticed an armataur
    20 | D:1      | Noticed a demonspawn
    23 | D:1      | Noticed a felid
    23 | D:1      | Noticed a formicid
    25 | D:1      | Noticed a spriggan
    25 | D:1      | Noticed a vine stalker
    27 | D:1      | Noticed a demonspawn
    27 | D:1      | Noticed a naga
    29 | D:1      | Noticed an armataur
    97 | D:1      | Upgraded the game from 0.30-a0-1094-g860fb061e7 to
                  | 0.30-a0-1112-gfb780f5df6
   270 | D:1      | Gained mutation: You have a small tail. [demonic ancestry]
   270 | D:1      | Reached XP level 2. HP: 19/19 MP: 4/6
  1369 | D:2      | Gained mutation: Your demonic aura sometimes causes spilled
                  | blood to erupt in flames. [demonic ancestry]
  1369 | D:2      | Reached XP level 3. HP: 14/24 MP: 1/7
  1523 | D:2      | Slain by an adder

Illustrated notes

Levels and vault maps discovered:
D:1:      kb_arrival_jail, layout_rooms
D:2:      layout_basic, minmay_misc_feat_ornament, hangedman_decor_push,
          cheibrodos_gnoll_hut

Skill      XL: |  1 |
---------------+----+-----
Dodging        | 2 |  2.4
Fighting       | |  0.1
Stealth        | |  1.8
Spellcasting   | |  3.4
Conjurations   | |  1.6
Summonings     | |  1.0
Translocations | |  0.8

Action                     || total
---------------------------++-------
  Melee: Dagger            ||    30
         Tailslap          ||     6
         Punch             ||     1
         Short sword       ||    11
   Cast: Magic Dart        ||    60
    Use: Scroll            ||     8
         Potion            ||     1
 Armour: Robe              ||    24
  Dodge: Dodged            ||   109

Table legend: (Time is in decaauts)
 A = Elapsed time spent in this place.
 B = Non-inter-level travel time spent in this place.
 C = Inter-level travel time spent in this place.
 D = Time resting spent in this place.
 E = Time spent auto-exploring this place.
 F = Levels seen in this place.
 G = Mean time per level.
                   A        B        C        D        E       F      G
               +--------+--------+--------+--------+--------+-----+--------+
         Total |   1521 |   1502 |     19 |      0 |     50 |   2 |  760.5 |
       Dungeon |   1521 |   1502 |     19 |      0 |     50 |   2 |  760.5 |
               +--------+--------+--------+--------+--------+-----+--------+

Top non-repeatable levels by time:
     D:1: 823 daAuts
     D:2: 698 daAuts
